Map: Abyssal Reef LE

Players

SpeCial

  • Race: Terran Terran
  • Spawn Location: 5:00

iAsonu - Winner!

  • Race: Zerg Zerg
  • Spawn Location: 11:00

Event: WCS Austin 2017

VOD

https://www.youtube.com/watch?v=pTJ04lx9nYQ

Description

Time

  • Played on: April 29, 2017, 12:11 p.m.
  • Length: 9:22

All games in this series

Show
View Real Time Build Order
Export as new Build Order

SpeCial Terran 

Build Orders: Reaper Expand, MMM Bio 

Get SALT Encoding   

  12  0:00  SCV  
  13  0:12  SCV  
  14  0:17  Supply Depot  
  14  0:24  SCV  
  15  0:28  Refinery  
  15  0:38  SCV  
  16  0:44  Barracks  
  16  0:50  SCV  
  17  1:03  SCV  
  18  1:15  SCV  
  19  1:31  Orbital Command  
  19  1:32  Reaper  
  20  1:44  Command Center  
  20  1:54  Factory  
  20  1:58  SCV  
  21  2:07  Barracks Reactor  
  21  2:10  SCV  
  21  2:15  Supply Depot  
  22  2:19  Refinery  
  22  2:23  SCV  
  23  2:37  SCV  
  24  2:45  Starport  
  24  2:49  SCV  
  26  2:51  Hellion x2  
  26  2:56  Orbital Command  
  28  3:01  SCV  
  28  3:05  Barracks Tech Lab  
  29  3:13  SCV  
  34  3:22  SCV  
  34  3:23  Widow Mine x2  
  34  3:24  Medivac  
  37  3:28  SCV  
  37  3:31  Supply Depot  
  37  3:33  Marine  
  40  3:34  SCV  
  40  3:41  SCV  
  40  3:46  SCV  
  42  3:52  Hellion  
  42  3:53  Supply Depot, Hellion  
  46  3:59  SCV x2  
  48  4:02  Raven  
  50  4:11  SCV x2  
  52  4:22  Command Center  
  52  4:23  SCV x2  
  54  4:27  Marine x2  
  56  4:34  Factory Tech Lab  
  56  4:35  SCV  
  56  4:36  Supply Depot  
  55  4:44  Marine  
  55  4:45  Marine  
  57  4:46  Bunker  
  57  4:47  Raven  
  57  4:49  SCV x2  
  61  5:01  SCV  
  61  5:02  SCV  
  63  5:09  Barracks x2  
  63  5:14  Marine  
  63  5:15  Factory Reactor, Stimpack  
  63  5:18  SCV x2  
  63  5:20  Refinery  
  63  5:21  Refinery  
  66  5:29  Engineering Bay  
  66  5:30  Engineering Bay, SCV  
  66  5:31  SCV  
  66  5:32  Marine  
  67  5:37  Factory Reactor, Orbital Command  
  67  5:41  Starport Reactor  
  67  5:43  SCV x2  
  69  5:50  Marine  
  69  5:55  Barracks  
  70  5:58  Barracks  
  70  5:59  SCV  
  70  6:02  Marine x2  
  73  6:07  Marine  
  73  6:08  Orbital Command  
  72  6:14  Marine  
  72  6:15  Combat Shields  
  73  6:18  Terran Infantry Armor Level 1, Terran Infantry Weapons Level 1  
  73  6:19  SCV  
  73  6:20  Marine x2, SCV  
  73  6:24  Medivac x2  
  73  6:25  Marine  
  81  6:26  Supply Depot, Barracks  
  81  6:28  Factory Tech Lab, Barracks  
  81  6:32  Marine, SCV x2  
  85  6:42  Supply Depot x2  
  85  6:46  Barracks Reactor x2  
  85  6:47  Marine x3  
  85  6:48  SCV x3  
  85  6:50  Marine  
  92  7:00  SCV  
  93  7:03  Medivac x2, SCV x2  
  93  7:04  Armory  
  93  7:05  Marine x3  
  93  7:06  Supply Depot, Refinery, Marine x2  
  93  7:08  Marine  
  103  7:13  Missile Turret  
  99  7:19  SCV x2  
  97  7:23  Marine x4, Barracks Reactor, Barracks Tech Lab  
  97  7:24  Marine  
  97  7:25  SCV  
  97  7:26  Marine  
  97  7:28  Missile Turret  
  104  7:31  SCV x2  
  104  7:35  Siege Tank  
  106  7:40  SCV  
  106  7:41  Marine  
  106  7:42  Supply Depot  
  106  7:43  Marine x5, SCV x2  
  106  7:44  Marine  
  116  7:56  SCV  
  117  8:01  Supply Depot  
  117  8:02  Supply Depot  
  117  8:03  Marine  
  117  8:04  Supply Depot, Unknown, SCV x2  
  120  8:07  Siege Tank  
  120  8:11  Marine x2  
  115  8:15  Marine x2  
  110  8:20  Marine x3  
  110  8:24  Marine x2  
  110  8:25  Marine x2  
  100  8:29  Marine  
  81  8:37  Orbital Command  
  81  8:39  Siege Tank  
  72  8:48  Marine  
  72  8:49  Marine  
  72  8:54  Marine x2  
  76  8:59  Marine x2  
  78  9:03  SCV x2  
Show
View Real Time Build Order
Export as new Build Order

iAsonu Zerg - Winner!

Build Orders: Hatch First 

Get SALT Encoding   

  12  0:01  Drone  
  13  0:13  Overlord  
  13  0:19  Drone  
  14  0:32  Drone x2  
  16  0:36  Drone  
  17  0:53  Hatchery  
  17  0:55  Drone  
  17  0:59  Drone  
  18  1:09  Extractor  
  17  1:15  Spawning Pool  
  17  1:17  Drone  
  17  1:20  Drone  
  18  1:29  Drone  
  19  1:41  Overlord  
  19  1:50  Drone  
  20  2:01  Queen  
  20  2:02  Zergling x2  
  20  2:04  Queen  
  20  2:05  Zergling x2  
  26  2:10  Metabolic Boost  
  26  2:12  Drone  
  28  2:15  Drone  
  28  2:22  Drone  
  29  2:31  Drone  
  29  2:36  Drone  
  30  2:39  Queen  
  32  2:50  Drone x2  
  32  2:51  Hatchery  
  33  2:59  Overlord  
  33  3:00  Drone x2  
  35  3:19  Drone x4  
  39  3:21  Queen  
  39  3:23  Drone x2  
  43  3:28  Overlord  
  43  3:43  Overlord  
  43  3:45  Roach Warren  
  43  3:46  Queen  
  43  3:48  Drone x2  
  46  3:49  Zergling x6  
  46  3:54  Zergling x4  
  51  4:00  Overlord  
  51  4:02  Lair  
  51  4:03  Drone x2  
  51  4:07  Drone  
  54  4:21  Spore Crawler  
  45  4:31  Drone  
  45  4:32  Drone x2  
  45  4:33  Drone  
  45  4:34  Drone x3  
  45  4:35  Drone x2  
  45  4:37  Extractor  
  53  4:39  Zergling x2, Extractor  
  53  4:40  Zergling x4  
  55  4:45  Drone  
  55  4:46  Drone  
  55  4:49  Overlord  
  57  4:54  Drone  
  57  4:55  Drone  
  57  4:57  Drone x2  
  57  4:59  Drone  
  62  5:02  Drone  
  62  5:05  Spire  
  62  5:06  Drone  
  63  5:12  Overlord  
  64  5:14  Drone x2  
  64  5:16  Overlord  
  64  5:19  Drone x4, Overseer  
  69  5:21  Overlord  
  67  5:28  Drone  
  67  5:29  Drone x2  
  67  5:30  Drone  
  67  5:34  Drone  
  72  5:40  Drone x3  
  75  5:47  Drone x5  
  75  5:48  Drone  
  81  5:50  Overlord  
  81  5:54  Extractor  
  81  5:55  Extractor  
  76  5:57  Drone x2  
  76  5:59  Extractor  
  76  6:00  Drone  
  78  6:10  Overlord  
  77  6:17  Mutalisk  
  77  6:18  Mutalisk x4  
  79  6:21  Overlord  
  85  6:26  Glial Reconstitution  
  85  6:27  Overlord  
  85  6:29  Overseer  
  85  6:33  Drone  
  85  6:34  Drone x2  
  85  6:36  Drone x2, Overlord  
  85  6:38  Roach x4  
  98  6:46  Roach  
  106  6:47  Roach x3  
  106  6:51  Overlord  
  106  6:53  Roach x2  
  110  6:56  Drone, Overlord  
  110  7:00  Roach x2  
  115  7:07  Roach x2  
  115  7:08  Roach x2  
  123  7:17  Roach  
  123  7:18  Roach x4  
  133  7:25  Ravager x6  
  133  7:28  Roach x2  
  143  7:36  Roach x5  
  153  7:44  Roach x5  
  156  7:49  Ravager  
  156  7:51  Overlord x2  
  161  7:56  Overlord  
  161  7:58  Overlord  
  161  7:59  Overseer  
  161  8:04  Hatchery  
  154  8:06  Roach x5  
  154  8:10  Roach x3  
  166  8:13  Roach  
  166  8:14  Roach  
  166  8:18  Roach x2  
  169  8:24  Roach  
  157  8:27  Roach x3  
  157  8:30  Roach x3  
  138  8:35  Roach  
  138  8:36  Roach  
  138  8:38  Roach x2  
  140  8:42  Drone x5  
  140  8:47  Drone  
  146  8:56  Roach x3  
  146  8:58  Ravager x2  
  151  9:02  Ravager  
  151  9:03  Ravager  
  156  9:11  Evolution Chamber  
  156  9:12  Evolution Chamber  
Tags
 
Add a new tag
Caveats
  • Supply blocks, unpowered buildings, or Contaminate may cause inaccurate times.
  • Supply counts are checked every 10 seconds.